 Dungeon Crawl Stone Soup version 0.17.1-3-g152610e (webtiles) character file.

79 Goblin1989 the Insei (level 4, -1/35 HPs)
             Began as a Demonspawn Monk on Feb 25, 2016.
             Slain by an adder (2 damage)
             ... on level 2 of the Dungeon.
             The game lasted 00:06:26 (2942 turns).

Goblin1989 the Insei (Demonspawn Monk)              Turns: 2942, Time: 00:06:26

Health: -1/35      AC:  2    Str: 13    XL:     4   Next: 16%
Magic:  4/4        EV: 13    Int: 16    God:
Gold:   91         SH:  0    Dex: 15    Spells: 0 memorised, 3 levels left

rFire  . . .     SeeInvis .     c - +0 whip
rCold  . . .     Clarity  .     a - +0 robe
rNeg   . . .     SustAt   .     (no shield)
rPois  .         Gourm    .     (helmet restricted)
rElec  .         Spirit   .     (no cloak)
rCorr  .         Warding  .     (no gloves)
rMut   .         Stasis   .     (no boots)
MR     .....                    (no amulet)
Stlth  +++.......               (no ring)
                                (no ring)

@: brilliant, lethally poisoned (-1 -> -10), flying, not resistant to hostile
enchantments, fairly stealthy
A: antennae 1, nightstalker 1
a: no special abilities


You were on level 2 of the Dungeon.
You were not hungry.

You visited 1 branch of the dungeon, and saw 2 of its levels.

You collected 91 gold pieces.

Inventory:

Hand Weapons
 c - a +0 whip (weapon)
Armour
 a - a +0 robe (worn)
Scrolls
 f - a scroll of enchant armour {unknown}
 g - 2 scrolls of remove curse {unknown}
 j - a scroll of blinking {unknown}
 k - a scroll of recharging {unknown}
 l - a scroll of identify {unknown}
Potions
 h - a potion of flight
 m - a potion of curing {unknown}
Comestibles
 b - a bread ration
 n - 2 chunks of flesh


   Skills:
 - Level 3.0 Fighting
 + Level 3.0 Maces & Flails
 - Level 2.6 Dodging
 - Level 1.7 Stealth
 - Level 4.0 Unarmed Combat


You had 3 spell levels left.
You didn't know any spells.

Dungeon Overview and Level Annotations

Branches:
Dungeon (2/15)

Altars:
Dithmenos
Ru
Vehumet
Xom
Zin

Annotations:
D:2 Natasha


Innate Abilities, Weirdness & Mutations

You have a pair of small antennae on your head.
You are slightly more attuned to the shadows.


Message History

* * * LOW HITPOINT WARNING * * *
You feel sick. The adder completely misses you. The adder bites you.
* * * LOW HITPOINT WARNING * * *
You are more poisoned.
The adder poisons you!
Drink which item? (? for menu, Esc to quit)
It was a potion of cure mutation.
It has a very clean taste.
* * * LOW HITPOINT WARNING * * *
You feel sick. The adder bites you.
* * * LOW HITPOINT WARNING * * *
Drink which item? (? for menu, Esc to quit)
It was a potion of brilliance.
You feel clever all of a sudden.
* * * LOW HITPOINT WARNING * * *
You feel sick. The adder barely misses you.
Drink which item? (? for menu, Esc to quit)
It was a potion of magic.
Magic courses through your body.
* * * LOW HITPOINT WARNING * * *
You feel sick. The adder bites you.
You die...

#........(.....#.
#.....#.)...<....
#...............#
#...............#
#.....#.......... ####
########................
##..g##.......$...##.........#
##..........##...............#§
#..%..<.....)S@....#..........§
#.............#..#.#......#§§#.
#..................#......#..##
##..........(..?...#......##...
##.%.##...##....(.#......##...
#### ###................####.
[.........#......###..
.............. ............#.


You could see an adder.

Vanquished Creatures
  Natasha (D:2)
  2 adders (D:2)
  An ooze (D:2)
  2 worms (D:2)
  4 bats
  A giant cockroach (D:1)
  2 goblins (D:1)
  5 hobgoblins
  3 jackals (D:1)
  3 giant newts
  2 kobolds
  5 rats
31 creatures vanquished.

Notes
Turn   | Place    | Note
--------------------------------------------------------------
     0 | D:1      | Goblin1989 the Demonspawn Monk began the quest for the Orb.
     0 | D:1      | Reached XP level 1. HP: 18/18 MP: 1/1
   194 | D:1      | Reached skill level 4 in Unarmed Combat
   209 | D:1      | Gained mutation: You are slightly more attuned to the shadows. [demonic ancestry]
   209 | D:1      | Reached XP level 2. HP: 18/24 MP: 2/2
   518 | D:1      | Reached skill level 1 in Maces & Flails
  1209 | D:2      | Found a sacrificial altar of Ru.
  1228 | D:2      | Noticed Natasha
  1229 | D:2      | Found a glowing silver altar of Zin.
  1403 | D:1      | Reached XP level 3. HP: 20/29 MP: 3/3
  1823 | D:2      | Found a shadowy altar of Dithmenos.
  1869 | D:2      | Killed Natasha
  1881 | D:2      | Noticed Natasha
  2467 | D:2      | Gained mutation: You have a pair of small antennae on your head. [demonic ancestry]
  2467 | D:2      | Reached XP level 4. HP: 9/35 MP: 4/4
  2823 | D:2      | Found a radiant altar of Vehumet.
  2823 | D:2      | Found a shimmering altar of Xom.
  2942 | D:2      | HP: 1/35 [poisoned by an adder]
  2942 | D:2      | Slain by an adder

Action                   |  1- 3 |  4- 6 || total
-------------------------+-------+-------++-------
Melee: Unarmed           |   107 |       ||   107
       Whip              |    29 |    34 ||    63
  Use: Potion            |       |     4 ||     4
 Stab: Sleeping          |     4 |       ||     4
  Eat: Beef jerky        |     1 |       ||     1
       Chunk             |     3 |     2 ||     5
